 Dungeon Crawl Stone Soup version 0.17.0-28-g6e173f8 (webtiles) character file.

147 Denapoli the Shooter (level 5, -2/42 HPs)
             Began as a Centaur Hunter on Dec 2, 2015.
             Killed from afar by an orc wizard (6 damage)
             ... with a magic dart
             ... on level 3 of the Dungeon.
             The game lasted 00:13:27 (4186 turns).

Denapoli the Shooter (Centaur Hunter)               Turns: 4186, Time: 00:13:27

Health: -2/42      AC:  4    Str: 14    XL:     5   Next: 8%
Magic:  5/5        EV:  9    Int: 10    God:
Gold:   124        SH:  0    Dex: 11    Spells: 0 memorised, 4 levels left

rFire  . . .     SeeInvis .     a - +1 shortbow
rCold  . . .     Clarity  .     c - +0 leather armour
rNeg   . . .     SustAt   .     (shield currently unavailable)
rPois  .         Gourm    .     (no helmet)
rElec  .         Spirit   .     (no cloak)
rCorr  .         Warding  .     (no gloves)
rMut   .         Stasis   .     (no barding)
MR     .....                    (no amulet)
Stlth  +.........               (no ring)
                                (no ring)

@: very quick, not resistant to hostile enchantments, very unstealthy
A: hooves 3, deformed body, speed 2, tough skin 3
a: no special abilities


You were on level 3 of the Dungeon.
You were not hungry.

You visited 1 branch of the dungeon, and saw 4 of its levels.

You collected 124 gold pieces.

Inventory:

Hand Weapons
 a - a +1 shortbow (weapon)
Missiles
 d - 22 arrows (quivered)
Armour
 c - a +0 leather armour (worn)
Jewellery
 f - an uncursed ring of wizardry {unknown}
Wands
 q - a wand of random effects (18)
Scrolls
 b - 3 scrolls of identify {unknown}
 g - 2 scrolls of enchant armour {unknown}
 h - 4 scrolls of remove curse {unknown}
 l - a scroll of fog {unknown}
 m - a scroll of amnesia {unknown}
 n - a scroll of blinking {unknown}
 p - 4 scrolls of teleportation {unknown}
Potions
 i - a potion of mutation {unknown}
 j - a potion of agility {unknown}
 k - a potion of might {unknown}
Comestibles
 e - a bread ration
 o - a slice of pizza
 s - a meat ration


   Skills:
 - Level 2.3 Fighting
 + Level 7.0 Bows
 - Level 1.3 Dodging
 - Level 0.5 Stealth
 + Level 3.0 Unarmed Combat


You had 4 spell levels left.
You didn't know any spells.

Dungeon Overview and Level Annotations

Branches:
Dungeon (4/15)
 Temple: D:4-7

Altars:
Cheibriados
Gozag
Nemelex Xobeh
Ru
Trog
Vehumet
Xom
Yredelemnul

Annotations:
D:4 Sigmund


Innate Abilities, Weirdness & Mutations

You have hooves in place of feet.
Armour fits poorly on your strangely shaped body.
You cover ground very quickly.
You have extremely tough skin (AC +3).


Message History

The arrow closely misses the orc wizard.
Firing (i - inventory):
d - 24 arrows (quivered)
Press: ? - help, Shift-Dir - straight line, f/p - orc wizard
Aim: an orc wizard, wielding a dagger and wearing a robe (heavily wounded, fast)
You shoot an arrow. The arrow hits the orc wizard.
The orc wizard is severely wounded.
The orc wizard hits you with a dagger.
The orc wizard points at you and mumbles some strange words.
The puff of flame hits you!
The orc wizard gestures at you while chanting.
The puff of frost hits you!
* * * LOW HITPOINT WARNING * * *
Firing (i - inventory):
d - 23 arrows (quivered)
Press: ? - help, Shift-Dir - straight line, f/p - orc wizard
Aim: an orc wizard, wielding a dagger and wearing a robe (severely wounded, fast)
You shoot an arrow. The arrow barely misses the orc wizard.
The arrow completely misses the orc.
The orc wizard points at you and mumbles some strange words.
The magic dart hits you!
You die...

....>....#.#######
#..#.....#.#
...#.###.#.#
.#.#.......#######
.................#
.#.#.###.#######.#
.#.#.###.# #.#
.........# #.#
...#.###.# #@# ...#.#
### #.# ...#.# #o#
##.#.# #.# #..(# #o#
##...# #.#
.....###########.####
..........o..o.((...#
.....################


You could see an orc wizard and an orc.

Vanquished Creatures
  Jessica (D:3)
  An orc wizard (D:3)
  3 adders
  An ooze (D:3)
  A worm (D:3)
  2 giant geckos (D:1)
  3 orcs (D:3)
  15 bats
  4 giant cockroaches
  6 goblins (D:1)
  7 hobgoblins
  2 quokkas
  2 ball pythons (D:2)
  4 giant newts (D:1)
  7 kobolds
  4 rats
63 creatures vanquished.

Notes
Turn   | Place    | Note
--------------------------------------------------------------
     0 | D:1      | Denapoli the Centaur Hunter began the quest for the Orb.
     0 | D:1      | Reached XP level 1. HP: 17/17 MP: 1/1
   736 | D:1      | Reached XP level 2. HP: 19/25 MP: 2/2
   773 | D:1      | Reached skill level 1 in Unarmed Combat
  1422 | D:1      | Reached XP level 3. HP: 26/30 MP: 3/3
  1518 | D:1      | Reached skill level 6 in Bows
  2121 | D:2      | Found a faded altar to an unknown god.
  2626 | D:3      | Reached XP level 4. HP: 24/37 MP: 4/4
  3254 | D:3      | Found a snail-covered altar of Cheibriados.
  3257 | D:3      | Found a sacrificial altar of Ru.
  3259 | D:3      | Found an opulent altar of Gozag.
  3259 | D:3      | Found a radiant altar of Vehumet.
  3262 | D:3      | Found a bloodstained altar of Trog.
  3263 | D:3      | Found a basalt altar of Yredelemnul.
  3264 | D:3      | Found a shimmering altar of Xom.
  3497 | D:3      | Noticed Jessica
  3535 | D:3      | Killed Jessica
  3579 | D:3      | Found a sparkling altar of Nemelex Xobeh.
  3851 | D:3      | Reached skill level 7 in Bows
  3851 | D:3      | Reached XP level 5. HP: 23/42 MP: 5/5
  4130 | D:4      | Noticed Sigmund
  4186 | D:3      | Killed from afar by an orc wizard

Action                   |  1- 3 |  4- 6 || total
-------------------------+-------+-------++-------
Melee: Unarmed           |   243 |    52 ||   295
 Fire: Shortbow          |    24 |    39 ||    63
  Eat: Chunk             |     4 |     3 ||     7
       Bread ration      |       |     1 ||     1
